Boisbriand Armada vs Worcester Sharks

Created - 31 octobre 2025 at 16:40

Goals
1 2 3 T
Boisbriand Armada 0 0 1 1
Worcester Sharks 2 4 2 8
Shots
1 2 3 T
Boisbriand Armada 12 5 16 33
Worcester Sharks 4 18 12 34

GoalsPenalties
1st period
1. Worcester Sharks , Lleyton Roed 9 (Carson Meyer 13, Garrett Pilon 16) at 11:29 (PP)
2. Worcester Sharks , Judd Caulfield 6 (Oliver Kapanen 11) at 11:33
Jacob Gaucher (ARM) for Holding (Minor) at 10:19
Taylor Ward (SRK) for Fighting (Major) at 13:11
Maxence Guenette (ARM) for Fighting (Major) at 13:11
2nd period
3. Worcester Sharks , Riese Gaber 3 (Carsen Twarynski 2) at 3:29
4. Worcester Sharks , Jean-Luc Foudy 5 (Lleyton Roed 7, Kevin Wall 3) at 5:19
5. Worcester Sharks , Chase Wheatcroft 4 (Noel Hoefenmayer 6, Garrett Pilon 17) at 9:24
6. Worcester Sharks , Kevin Wall 4 (Jean-Luc Foudy 9) at 12:52
Dylan Gambrell (ARM) for Cross-checking (Minor) at 1:01
Lukas Cormier (SRK) for Fighting (Major) at 5:20
Adam Klapka (ARM) for Fighting (Major) at 5:20
3rd period
7. Worcester Sharks , Kevin Wall 5 (Jean-Luc Foudy 10) at 0:46
8. Boisbriand Armada , Ivan Ivan 11 (Carson Lambos 7, Nathan Legare 3) at 1:02
9. Worcester Sharks , Riese Gaber 4 (Riley Bezeau 1, Carsen Twarynski 3) at 3:03
Travis Mitchell (SRK) for Fighting (Major) at 0:42
Sammy Blais (ARM) for Fighting (Major) at 0:42
Lukas Cormier (SRK) for Fighting (Major) at 1:09
Colton Dach (ARM) for Fighting (Major) at 1:09
Travis Mitchell (SRK) for Fighting (Major) at 9:22
Carson Lambos (ARM) for Fighting (Major) at 9:22
Travis Mitchell (SRK) for instigated a fight (Minor) at 9:22
Travis Mitchell (SRK) for instigated a fight (10 Minutes Misconduct) at 9:22
Nathan Legare (ARM) for Slashing (Minor) at 18:05
Goalie Stats
Tristan Lennox (ARM), 17 saves from 21 shots - (0,810), L, 4-4-1, 42:16 minutes
Erik Portillo (ARM), 9 saves from 13 shots - (0,692), 17:44 minutes
Samuel Hlavaj (SRK), 32 saves from 33 shots - (0,970), W, 9-0-0, 60:00 minutes
3 StarsOfficial
1 - Kevin Wall (SRK)
2 - Jean-Luc Foudy (SRK)
3 - Riese Gaber (SRK)
Referees : Dave Lewis and Chris Lee
Linesman : Ryan Gibbons and Jonny Murray
Game Note
Taylor Ward and Maxence Guenette fight to a draw at 13:11 of 1st period
Erik Portillo enters game at 5:19 of 2nd period
Lukas Cormier and Adam Klapka fight to a draw at 5:20 of 2nd period
Sammy Blais beats up Travis Mitchell at 0:42 of 3rd period
Lukas Cormier and Colton Dach fight to a draw at 1:09 of 3rd period
Tristan Lennox enters game at 3:03 of 3rd period
Travis Mitchell beats up Carson Lambos at 9:22 of 3rd period
Finance
Level 1 -- Attendance: 1763 (88,15%) -- Ticket Income $61,705
Level 2 -- Attendance: 911 (91,10%) -- Ticket Income $13,665
Total Attendance: 2674 (89,13%)
Total Ticket Income: $75,370
Other Income: $36,931
Total Income: $112,301



Team Name Goals Shots Shots Attemp Shots Blocked PIM HIT PP PK FO%
Boisbriand Armada 13366931200 / 1 (0%)137%
Worcester Sharks 834661137281 / 3 (33%)063%

Boisbriand Armada
Player Name POS G A P +/- PIM HIT SHT SB MP PP MP PP SHT PK MP PK SHT FO% FOT GA TA
000000000:000:0000:0000% 000
000000000:000:0000:0000% 000
000000000:000:0000:0000% 000
000000000:000:0000:0000% 000
Adam KlapkaC/RW000-1514017:521:0702:52042% 2610
Alexander HoltzLW/RW000-1013017:531:0701:3500% 220
Carson LambosD011-3502119:010:0000:0000% 000
Colton DachC/LW000-1502017:011:0702:5200% 001
David SpacekD000-1041221:581:0202:1900% 001
Dylan GambrellC/RW000-2231010:510:0900:0000% 100
Hendrix LapierreC000-1001014:110:4300:36033% 600
Ivan IvanC101-1007218:160:4001:35046% 1330
Jacob Bernard-DockerD000-2010221:580:5702:4400% 001
Jacob GaucherC000-2202112:340:0000:0000% 300
Joshua RoyLW/RW000-2011010:410:0900:0000% 000
Matyas SapovalivC000-2010011:420:0000:0000% 100
Maxence GuenetteD000-1500017:401:0202:1900% 010
Nathan LegareLW/RW011-1213016:390:4300:00050% 200
Patrick GilesC000-2011011:420:0000:0000% 010
Sammy BlaisLW/RW000-2534015:170:1200:3600% 010
Wyatte WylieD000-3011017:400:0000:0000% 002
Yan KuznetsovD000-2020121:530:5702:4400% 000
Worcester Sharks
Player Name POS G A P +/- PIM HIT SHT SB MP PP MP PP SHT PK MP PK SHT FO% FOT GA TA
000000000:000:0000:0000% 000
000000000:000:0000:0000% 000
000000000:000:0000:0000% 000
000000000:000:0000:0000% 000
Angus BoothD0003021017:230:0000:2000% 000
Carsen TwarynskiLW022202109:280:0000:0000% 001
Carson MeyerRW0111051017:082:3110:000100% 110
Chase WheatcroftC/LW/RW1011013018:132:2200:5000% 001
Corson CeulemansD0002050320:471:5200:2000% 000
Garrett PilonC0221026121:202:4110:52073% 1510
Hardy Haman AktellD0003001220:010:4101:0610% 000
Jean-Luc FoudyC1233014014:030:0000:00067% 1500
Judd CaulfieldRW1010012018:182:2201:0700% 003
Kevin WallRW2133002013:580:0000:0000% 000
Lleyton RoedLW1123012017:502:4110:0200% 010
Lukas CormierD00011021018:082:2400:5900% 010
Noel HoefenmayerD0112024125:093:1121:1300% 003
Oliver KapanenC0110001118:592:2101:05044% 1800
Riese GaberC/LW/RW202201209:300:0000:000100% 410
Riley BezeauRW011200319:230:0000:0000% 000
Taylor WardC/LW/RW0000520112:250:1100:0200% 100
Travis MitchellD00012210115:001:5800:0000% 001

Boisbriand Armada

5 vs 5 Forward
Line #Left WingCenterRight WingPHYDFOFWanted %Time %Time Play
1Colton DachAdam KlapkaAlexander Holtz0143528%14:54
2Sammy BlaisIvan IvanNathan Legare0233531%16:30
3Dylan GambrellHendrix LapierreJoshua Roy0322019%9:52
4Matyas SapovalivJacob GaucherPatrick Giles1221022%11:42
5 vs 5 Defense
Line #DefenseDefensePHYDFOFWanted %Time %Time Play
1Jacob Bernard-DockerYan Kuznetsov1223433%17:19
2Maxence GuenetteDavid Spacek1223332%17:01
3Carson LambosWyatte Wylie1223335%18:38
4Jacob Bernard-DockerYan Kuznetsov12200%0:00
Power Play Forward
Line #Left WingCenterRight WingPHYDFOFWanted %Time %Time Play
1Colton DachAdam KlapkaAlexander Holtz1226064%1:16
2Ivan IvanHendrix LapierreNathan Legare1224036%0:43
Power Play Defense
Line #DefenseDefensePHYDFOFWanted %Time %Time Play
1Jacob Bernard-DockerYan Kuznetsov1226048%0:57
2Maxence GuenetteDavid Spacek1224052%1:02
Penalty Kill 4 Players Forward
Line #CenterWingPHYDFOFWanted %Time %Time Play
1Adam KlapkaColton Dach1226069%3:28
2Ivan IvanAlexander Holtz1224031%1:35
Penalty Kill 4 Players Defense
Line #DefenseDefensePHYDFOFWanted %Time %Time Play
1Jacob Bernard-DockerYan Kuznetsov1226054%2:44
2Maxence GuenetteDavid Spacek1224046%2:19
Penalty Kill 3 Players
Line #WingPHYDFOFWanted %Time %Time PlayDefenseDefensePHYDFOFWanted %Time %Time Play
1Adam Klapka122600%0:00 Jacob Bernard-DockerYan Kuznetsov122600%0:00
2Ivan Ivan122400%0:00 Maxence GuenetteDavid Spacek122400%0:00
4 vs 4 Forward
Line #CenterWingPHYDFOFWanted %Time %Time Play
1Adam KlapkaColton Dach122600%0:00
2Ivan IvanAlexander Holtz122400%0:00
4 vs 4 Defense
Line #DefensePHYDFOFWanted %Time %Time Play
1Jacob Bernard-DockerYan Kuznetsov122600%0:00
2Maxence GuenetteDavid Spacek122400%0:00
Last Minutes Offensive
Left WingCenterRight WingDefenseDefense
Colton DachIvan IvanAdam KlapkaJacob Bernard-DockerYan Kuznetsov
Last Minutes Defensive
Left WingCenterRight WingDefenseDefense
Colton DachIvan IvanAdam KlapkaJacob Bernard-DockerYan Kuznetsov
Time
Total ForwardTotal DefenseLast Minutes OffensiveLast Minutes Defensive
60:00 60:00 0:000:00
Extra Forwards
Normal PowerPlayPenalty Kill
Hendrix Lapierre, Sammy Blais, Jacob GaucherHendrix Lapierre, Sammy BlaisHendrix Lapierre
Extra Defensemen
Normal PowerPlayPenalty Kill
David Spacek, Carson Lambos, Wyatte WylieDavid Spacek, David SpacekCarson Lambos
Penalty Shots
Adam Klapka, Colton Dach, Ivan Ivan, Alexander Holtz, Hendrix Lapierre
Goalie
Tristan Lennox, Erik Portillo
Scratches
Joel Teasdale (Healthy), Gabriel Seger (Healthy), Justin Ertel (Healthy), Julian Lutz (Healthy), Isaac Belliveau (Healthy) Cam Thiesing (Healthy), Justin Gill (Healthy), Olivier Rodrigue (Healthy)

Worcester Sharks

5 vs 5 Forward
Line #Left WingCenterRight WingPHYDFOFWanted %Time %Time Play
1Chase WheatcroftGarrett PilonCarson Meyer0233227%14:30
2Taylor WardOliver KapanenJudd Caulfield0323228%14:49
3Lleyton RoedJean-Luc FoudyKevin Wall0143227%14:16
4Carsen TwarynskiRiese GaberRiley Bezeau032418%9:23
5 vs 5 Defense
Line #DefenseDefensePHYDFOFWanted %Time %Time Play
1Lukas CormierHardy Haman Aktell0323335%18:22
2Noel HoefenmayerTravis Mitchell0323239%20:30
3Angus BoothCorson Ceulemans0143226%13:44
4Angus BoothCorson Ceulemans00531%0:22
Power Play Forward
Line #Left WingCenterRight WingPHYDFOFWanted %Time %Time Play
1Lleyton RoedGarrett PilonCarson Meyer0145553%2:41
2Chase WheatcroftOliver KapanenJudd Caulfield0144547%2:22
Power Play Defense
Line #DefenseDefensePHYDFOFWanted %Time %Time Play
1Noel HoefenmayerTravis Mitchell0235577%3:52
2Lukas CormierCorson Ceulemans0234523%1:11
Penalty Kill 4 Players Forward
Line #CenterWingPHYDFOFWanted %Time %Time Play
1Oliver KapanenJudd Caulfield0415585%1:41
2Garrett PilonJudd Caulfield0414515%0:18
Penalty Kill 4 Players Defense
Line #DefenseDefensePHYDFOFWanted %Time %Time Play
1Travis MitchellHardy Haman Aktell0415572%1:26
2Travis MitchellNoel Hoefenmayer0414528%0:33
Penalty Kill 3 Players
Line #WingPHYDFOFWanted %Time %Time PlayDefenseDefensePHYDFOFWanted %Time %Time Play
1Oliver Kapanen050550%0:00 Lukas CormierHardy Haman Aktell050550%0:00
2Garrett Pilon050450%0:00 Corson CeulemansTravis Mitchell050450%0:00
4 vs 4 Forward
Line #CenterWingPHYDFOFWanted %Time %Time Play
1Garrett PilonTaylor Ward032550%0:00
2Oliver KapanenTaylor Ward032450%0:00
4 vs 4 Defense
Line #DefensePHYDFOFWanted %Time %Time Play
1Noel HoefenmayerLukas Cormier032550%0:00
2Hardy Haman AktellTravis Mitchell032450%0:00
Last Minutes Offensive
Left WingCenterRight WingDefenseDefense
Chase WheatcroftGarrett PilonJudd CaulfieldLukas CormierNoel Hoefenmayer
Last Minutes Defensive
Left WingCenterRight WingDefenseDefense
Chase WheatcroftGarrett PilonJudd CaulfieldLukas CormierNoel Hoefenmayer
Time
Total ForwardTotal DefenseLast Minutes OffensiveLast Minutes Defensive
60:00 60:00 0:000:00
Extra Forwards
Normal PowerPlayPenalty Kill
Garrett Pilon, Oliver Kapanen, Chase WheatcroftChase Wheatcroft, Garrett PilonOliver Kapanen
Extra Defensemen
Normal PowerPlayPenalty Kill
Lukas Cormier, Noel Hoefenmayer, Corson CeulemansLukas Cormier, Lukas CormierNoel Hoefenmayer
Penalty Shots
Oliver Kapanen, Garrett Pilon, Carson Meyer, Lleyton Roed, Taylor Ward
Goalie
Samuel Hlavaj, Dylan Wells
Scratches
Oliver Wahlstrom (Healthy), Zachary Metsa (Right Ankle Injury), Rodwin Dionicio (Healthy)


Play-by-Play

1st period


0:01 of 1st period - Adam Klapka wins face-off versus Garrett Pilon in neutral zone.
0:36 of 1st period - Slapshot by Alexander Holtz.
0:36 of 1st period - Stopped by Samuel Hlavaj without a rebound.
0:37 of 1st period - Ivan Ivan wins face-off versus Oliver Kapanen in Worcester Sharks zone.
1:02 of 1st period - Lleyton Roed is hit by Dylan Gambrell and loses puck.
1:28 of 1st period - Patrick Giles is hit by Noel Hoefenmayer and loses puck.
1:37 of 1st period - Wrist shot by Carson Meyer.
1:37 of 1st period - Shot Misses the Net.
1:47 of 1st period - Riley Bezeau is hit by Alexander Holtz and loses puck.
2:16 of 1st period - Snap shot by Sammy Blais.
2:16 of 1st period - Shot Blocked by Oliver Kapanen.
2:18 of 1st period - Wrist shot by Ivan Ivan.
2:18 of 1st period - Stopped by Samuel Hlavaj without a rebound.
2:19 of 1st period - Jean-Luc Foudy wins face-off versus Hendrix Lapierre in Worcester Sharks zone.
2:19 of 1st period - Jean-Luc Foudy is hit by Dylan Gambrell.
3:35 of 1st period - Snap shot by Jacob Gaucher.
3:35 of 1st period - Shot Misses the Net.
3:37 of 1st period - Slapshot by Yan Kuznetsov.
3:37 of 1st period - Deflect By Jacob Gaucher.
3:37 of 1st period - Shot Blocked by Travis Mitchell.
3:37 of 1st period - Puck is out of play.
3:38 of 1st period - Oliver Kapanen wins face-off versus Ivan Ivan in Worcester Sharks zone.
3:49 of 1st period - Wrist shot by Ivan Ivan.
3:49 of 1st period - Shot Blocked by Hardy Haman Aktell.
3:51 of 1st period - Slapshot by Wyatte Wylie.
3:51 of 1st period - Shot Blocked by Taylor Ward.
3:53 of 1st period - Backhand shot by Sammy Blais.
3:53 of 1st period - Shot Blocked by Hardy Haman Aktell.
4:05 of 1st period - Wrist shot by Adam Klapka.
4:05 of 1st period - Stopped by Samuel Hlavaj without a rebound.
4:06 of 1st period - Garrett Pilon wins face-off versus Adam Klapka in Worcester Sharks zone.
4:30 of 1st period - Wrist shot by Garrett Pilon.
4:30 of 1st period - Shot Blocked by David Spacek.
5:16 of 1st period - Snap shot by Alexander Holtz.
5:16 of 1st period - Shot Misses the Net.
5:18 of 1st period - Wrist shot by Jacob Bernard-Docker.
5:18 of 1st period - Shot Misses the Net.
5:20 of 1st period - Slapshot by Jacob Bernard-Docker.
5:20 of 1st period - Deflect By Adam Klapka.
5:20 of 1st period - Shot Blocked by Noel Hoefenmayer.
5:20 of 1st period - Puck is out of play.
5:21 of 1st period - Jean-Luc Foudy wins face-off versus Nathan Legare in Worcester Sharks zone.
5:32 of 1st period - Snap shot by Ivan Ivan.
5:32 of 1st period - Stopped by Samuel Hlavaj with a rebound.
5:34 of 1st period - Snap shot by Ivan Ivan.
5:34 of 1st period - Shot Misses the Net.
5:36 of 1st period - Snap shot by Nathan Legare.
5:36 of 1st period - Shot Misses the Net.
5:48 of 1st period - Yan Kuznetsov is hit by Corson Ceulemans and loses puck.
6:11 of 1st period - Snap shot by Jacob Gaucher.
6:11 of 1st period - Stopped by Samuel Hlavaj with a rebound.
7:55 of 1st period - Jean-Luc Foudy is hit by Sammy Blais and loses puck.
8:33 of 1st period - Icing by David Spacek.
8:34 of 1st period - Oliver Kapanen wins face-off versus Jacob Gaucher in Boisbriand Armada zone.
8:46 of 1st period - Off-side.
8:47 of 1st period - Jean-Luc Foudy wins face-off versus Ivan Ivan in neutral zone.
8:50 of 1st period - Wrist shot by Lleyton Roed.
8:50 of 1st period - Shot Misses the Net.
9:12 of 1st period - Angus Booth is hit by Dylan Gambrell and loses puck.
10:01 of 1st period - Sammy Blais is hit by Taylor Ward and loses puck.
10:19 of 1st period - Minor Penalty to Jacob Gaucher for Holding.
10:20 of 1st period - Adam Klapka wins face-off versus Oliver Kapanen in Boisbriand Armada zone.
10:53 of 1st period - Icing by Lleyton Roed.
10:54 of 1st period - Oliver Kapanen wins face-off versus Alexander Holtz in Worcester Sharks zone.
11:21 of 1st period - Wrist shot by Carson Meyer.
11:21 of 1st period - Deflect By Garrett Pilon.
11:21 of 1st period - Shot Blocked by Ivan Ivan.
11:21 of 1st period - Puck is out of play.
11:22 of 1st period - Garrett Pilon wins face-off versus Alexander Holtz in Boisbriand Armada zone.
11:29 of 1st period - Wrist shot by Lleyton Roed.
11:29 of 1st period - Goal by Lleyton Roed - Boisbriand Armada : 0 - Worcester Sharks : 1.
11:30 of 1st period - Oliver Kapanen wins face-off versus Ivan Ivan in neutral zone.
11:33 of 1st period - Wrist shot by Judd Caulfield.
11:33 of 1st period - Goal by Judd Caulfield - Boisbriand Armada : 0 - Worcester Sharks : 2.
11:34 of 1st period - Ivan Ivan wins face-off versus Oliver Kapanen in neutral zone.
11:39 of 1st period - Backhand shot by Ivan Ivan.
11:39 of 1st period - Stopped by Samuel Hlavaj with a rebound.
12:25 of 1st period - Colton Dach is hit by Carson Meyer and loses puck.
12:34 of 1st period - Snap shot by Carson Meyer.
12:34 of 1st period - Deflect By Chase Wheatcroft.
12:34 of 1st period - Stopped by Tristan Lennox without a rebound.
12:35 of 1st period - Ivan Ivan wins face-off versus Jean-Luc Foudy in Boisbriand Armada zone.
13:02 of 1st period - Wyatte Wylie is hit by Carson Meyer and loses puck.
13:10 of 1st period - Off-side.
13:11 of 1st period - Oliver Kapanen wins face-off versus Ivan Ivan in neutral zone.
13:11 of 1st period - Taylor Ward and Maxence Guenette fight to a draw.
13:11 of 1st period - Penalty to Taylor Ward for Fighting.
13:11 of 1st period - Penalty to Maxence Guenette for Fighting.
13:12 of 1st period - Garrett Pilon wins face-off versus Ivan Ivan in neutral zone.
13:19 of 1st period - Noel Hoefenmayer is hit by Sammy Blais and loses puck.
13:54 of 1st period - Lleyton Roed is hit by David Spacek and loses puck.
15:07 of 1st period - Slapshot by Jean-Luc Foudy.
15:07 of 1st period - Shot Blocked by Ivan Ivan.
15:26 of 1st period - Wrist shot by Joshua Roy.
15:26 of 1st period - Stopped by Samuel Hlavaj with a rebound.
16:01 of 1st period - Snap shot by Sammy Blais.
16:01 of 1st period - Shot Misses the Net.
16:03 of 1st period - Slapshot by Wyatte Wylie.
16:03 of 1st period - Stopped by Samuel Hlavaj without a rebound.
16:04 of 1st period - Adam Klapka wins face-off versus Jean-Luc Foudy in Worcester Sharks zone.
16:29 of 1st period - Slapshot by Sammy Blais.
16:29 of 1st period - Stopped by Samuel Hlavaj without a rebound.
16:30 of 1st period - Ivan Ivan wins face-off versus Oliver Kapanen in Worcester Sharks zone.
16:31 of 1st period - Slapshot by Sammy Blais.
16:31 of 1st period - Stopped by Samuel Hlavaj with a rebound.
17:11 of 1st period - Wrist shot by Ivan Ivan.
17:11 of 1st period - Shot Misses the Net.
17:13 of 1st period - Backhand shot by David Spacek.
17:13 of 1st period - Deflect By Oliver Kapanen.
17:13 of 1st period - Stopped by Samuel Hlavaj with a rebound.
17:15 of 1st period - Slapshot by Carson Lambos.
17:15 of 1st period - Deflect By Judd Caulfield.
17:15 of 1st period - Stopped by Samuel Hlavaj with a rebound.
17:17 of 1st period - Slapshot by Sammy Blais.
17:17 of 1st period - Shot Misses the Net.
17:41 of 1st period - Wrist shot by Ivan Ivan.
17:41 of 1st period - Shot Misses the Net.
17:47 of 1st period - Snap shot by Sammy Blais.
17:47 of 1st period - Shot Misses the Net.
17:49 of 1st period - Snap shot by Nathan Legare.
17:49 of 1st period - Shot Misses the Net.
17:51 of 1st period - Slapshot by David Spacek.
17:51 of 1st period - Shot Misses the Net.
18:01 of 1st period - Snap shot by Ivan Ivan.
18:01 of 1st period - Shot Blocked by Garrett Pilon.
18:23 of 1st period - Slapshot by Judd Caulfield.
18:23 of 1st period - Deflect By Oliver Kapanen.
18:23 of 1st period - Stopped by Tristan Lennox with a rebound.
18:37 of 1st period - Off-side.
18:38 of 1st period - Jean-Luc Foudy wins face-off versus Adam Klapka in neutral zone.
Goals for this period are 0 for Boisbriand Armada vs 2 for Worcester Sharks.
Shots for this period are 12 for Boisbriand Armada vs 4 for Worcester Sharks.

2nd period


0:01 of 2nd period - Garrett Pilon wins face-off versus Adam Klapka in neutral zone.
0:04 of 2nd period - Snap shot by Carson Meyer.
0:04 of 2nd period - Shot Blocked by Carson Lambos.
0:06 of 2nd period - Snap shot by Garrett Pilon.
0:06 of 2nd period - Stopped by Tristan Lennox with a rebound.
0:08 of 2nd period - Slapshot by Noel Hoefenmayer.
0:08 of 2nd period - Stopped by Tristan Lennox without a rebound.
0:09 of 2nd period - Adam Klapka wins face-off versus Garrett Pilon in Boisbriand Armada zone.
0:09 of 2nd period - Adam Klapka is hit by Carson Meyer.
0:35 of 2nd period - Slapshot by Chase Wheatcroft.
0:35 of 2nd period - Stopped by Tristan Lennox without a rebound.
0:36 of 2nd period - Jean-Luc Foudy wins face-off versus Dylan Gambrell in Boisbriand Armada zone.
0:43 of 2nd period - Snap shot by Lleyton Roed.
0:43 of 2nd period - Shot Blocked by Yan Kuznetsov.
0:50 of 2nd period - Icing by Hendrix Lapierre.
0:51 of 2nd period - Garrett Pilon wins face-off versus Hendrix Lapierre in Boisbriand Armada zone.
1:01 of 2nd period - Minor Penalty to Dylan Gambrell for Cross-checking.
1:02 of 2nd period - Adam Klapka wins face-off versus Garrett Pilon in Boisbriand Armada zone.
1:22 of 2nd period - Colton Dach is hit by Garrett Pilon and loses puck.
3:01 of 2nd period - Penalty to Dylan Gambrell is over, Dylan Gambrell is back on ice.
3:13 of 2nd period - Snap shot by Carsen Twarynski.
3:13 of 2nd period - Shot Misses the Net.
3:15 of 2nd period - Slapshot by Riese Gaber.
3:15 of 2nd period - Shot Misses the Net.
3:17 of 2nd period - Snap shot by Riley Bezeau.
3:17 of 2nd period - Stopped by Tristan Lennox without a rebound.
3:18 of 2nd period - Riese Gaber wins face-off versus Matyas Sapovaliv in Boisbriand Armada zone.
3:23 of 2nd period - Wrist shot by Riley Bezeau.
3:23 of 2nd period - Stopped by Tristan Lennox without a rebound.
3:24 of 2nd period - Riese Gaber wins face-off versus Jacob Gaucher in Boisbriand Armada zone.
3:27 of 2nd period - Wrist shot by Riese Gaber.
3:27 of 2nd period - Shot Misses the Net.
3:29 of 2nd period - Wrist shot by Riese Gaber.
3:29 of 2nd period - Goal by Riese Gaber - Boisbriand Armada : 0 - Worcester Sharks : 3.
3:30 of 2nd period - Garrett Pilon wins face-off versus Adam Klapka in neutral zone.
3:32 of 2nd period - Off-side.
3:33 of 2nd period - Carson Meyer wins face-off versus Adam Klapka in neutral zone.
3:46 of 2nd period - Snap shot by Colton Dach.
3:46 of 2nd period - Stopped by Samuel Hlavaj with a rebound.
3:48 of 2nd period - Slapshot by Alexander Holtz.
3:48 of 2nd period - Stopped by Samuel Hlavaj without a rebound.
3:49 of 2nd period - Jean-Luc Foudy wins face-off versus Ivan Ivan in Worcester Sharks zone.
4:21 of 2nd period - Carson Lambos is hit by Travis Mitchell.
5:17 of 2nd period - Wrist shot by Lleyton Roed.
5:17 of 2nd period - Deflect By Jean-Luc Foudy.
5:17 of 2nd period - Stopped by Tristan Lennox with a rebound.
5:19 of 2nd period - Wrist shot by Jean-Luc Foudy.
5:19 of 2nd period - Goal by Jean-Luc Foudy - Boisbriand Armada : 0 - Worcester Sharks : 4.
5:19 of 2nd period - Erik Portillo enters game.
5:20 of 2nd period - Garrett Pilon wins face-off versus Adam Klapka in neutral zone.
5:20 of 2nd period - Lukas Cormier and Adam Klapka fight to a draw.
5:20 of 2nd period - Penalty to Lukas Cormier for Fighting.
5:20 of 2nd period - Penalty to Adam Klapka for Fighting.
5:21 of 2nd period - Hendrix Lapierre wins face-off versus Garrett Pilon in neutral zone.
6:25 of 2nd period - Slapshot by Jacob Gaucher.
6:25 of 2nd period - Stopped by Samuel Hlavaj with a rebound.
6:35 of 2nd period - David Spacek is hit by Carson Meyer and loses puck.
7:12 of 2nd period - Slapshot by Maxence Guenette.
7:12 of 2nd period - Shot Misses the Net.
7:18 of 2nd period - Matyas Sapovaliv is hit by Garrett Pilon and loses puck.
7:25 of 2nd period - Snap shot by Garrett Pilon.
7:25 of 2nd period - Stopped by Erik Portillo with a rebound.
7:27 of 2nd period - Snap shot by Chase Wheatcroft.
7:27 of 2nd period - Shot Misses the Net.
7:29 of 2nd period - Wrist shot by Garrett Pilon.
7:29 of 2nd period - Stopped by Erik Portillo with a rebound.
7:43 of 2nd period - Slapshot by Chase Wheatcroft.
7:43 of 2nd period - Shot Misses the Net.
7:45 of 2nd period - Wrist shot by Carson Meyer.
7:45 of 2nd period - Shot Misses the Net.
7:47 of 2nd period - Slapshot by Hardy Haman Aktell.
7:47 of 2nd period - Shot Blocked by Jacob Gaucher.
7:59 of 2nd period - Slapshot by Maxence Guenette.
7:59 of 2nd period - Shot Misses the Net.
8:49 of 2nd period - Backhand shot by Patrick Giles.
8:49 of 2nd period - Shot Misses the Net.
8:55 of 2nd period - Matyas Sapovaliv is hit by Chase Wheatcroft and loses puck.
9:14 of 2nd period - Snap shot by Garrett Pilon.
9:14 of 2nd period - Shot Misses the Net.
9:16 of 2nd period - Snap shot by Garrett Pilon.
9:16 of 2nd period - Shot Hit the Post.
9:18 of 2nd period - Snap shot by Garrett Pilon.
9:18 of 2nd period - Stopped by Erik Portillo with a rebound.
9:20 of 2nd period - Slapshot by Chase Wheatcroft.
9:20 of 2nd period - Shot Blocked by David Spacek.
9:22 of 2nd period - Slapshot by Noel Hoefenmayer.
9:22 of 2nd period - Stopped by Erik Portillo with a rebound.
9:24 of 2nd period - Wrist shot by Chase Wheatcroft.
9:24 of 2nd period - Goal by Chase Wheatcroft - Boisbriand Armada : 0 - Worcester Sharks : 5.
9:25 of 2nd period - Jean-Luc Foudy wins face-off versus Hendrix Lapierre in neutral zone.
9:28 of 2nd period - Wrist shot by Lleyton Roed.
9:28 of 2nd period - Stopped by Erik Portillo with a rebound.
9:30 of 2nd period - Snap shot by Angus Booth.
9:30 of 2nd period - Stopped by Erik Portillo with a rebound.
9:32 of 2nd period - Snap shot by Jean-Luc Foudy.
9:32 of 2nd period - Shot Misses the Net.
9:34 of 2nd period - Slapshot by Angus Booth.
9:34 of 2nd period - Shot Misses the Net.
9:36 of 2nd period - Slapshot by Corson Ceulemans.
9:36 of 2nd period - Shot Misses the Net.
9:54 of 2nd period - Snap shot by Oliver Kapanen.
9:54 of 2nd period - Deflect By Judd Caulfield.
9:54 of 2nd period - Stopped by Erik Portillo without a rebound.
9:55 of 2nd period - Oliver Kapanen wins face-off versus Ivan Ivan in Boisbriand Armada zone.
10:22 of 2nd period - Jacob Bernard-Docker is hit by Angus Booth and loses puck.
10:43 of 2nd period - Snap shot by Carsen Twarynski.
10:43 of 2nd period - Stopped by Erik Portillo without a rebound.
10:44 of 2nd period - Oliver Kapanen wins face-off versus Hendrix Lapierre in Boisbriand Armada zone.
10:51 of 2nd period - Slapshot by Joshua Roy.
10:51 of 2nd period - Shot Blocked by Corson Ceulemans.
10:53 of 2nd period - Wrist shot by Dylan Gambrell.
10:53 of 2nd period - Stopped by Samuel Hlavaj with a rebound.
10:55 of 2nd period - Snap shot by Hendrix Lapierre.
10:55 of 2nd period - Stopped by Samuel Hlavaj with a rebound.
11:29 of 2nd period - Wrist shot by Jean-Luc Foudy.
11:29 of 2nd period - Shot Blocked by Jacob Bernard-Docker.
11:31 of 2nd period - Slapshot by Kevin Wall.
11:31 of 2nd period - Shot Blocked by Jacob Bernard-Docker.
12:50 of 2nd period - Wrist shot by Jean-Luc Foudy.
12:50 of 2nd period - Shot Misses the Net.
12:52 of 2nd period - Slapshot by Kevin Wall.
12:52 of 2nd period - Goal by Kevin Wall - Boisbriand Armada : 0 - Worcester Sharks : 6.
12:53 of 2nd period - Oliver Kapanen wins face-off versus Adam Klapka in neutral zone.
13:04 of 2nd period - Wrist shot by Taylor Ward.
13:04 of 2nd period - Shot Misses the Net.
13:20 of 2nd period - Wyatte Wylie is hit by Lukas Cormier and loses puck.
14:29 of 2nd period - Judd Caulfield is hit by David Spacek and loses puck.
15:35 of 2nd period - Corson Ceulemans is hit by Adam Klapka and loses puck.
16:51 of 2nd period - Carsen Twarynski is hit by Patrick Giles and loses puck.
17:12 of 2nd period - Chase Wheatcroft is hit by David Spacek and loses puck.
17:56 of 2nd period - Judd Caulfield is hit by Yan Kuznetsov and loses puck.
18:08 of 2nd period - Off-side.
18:09 of 2nd period - Riese Gaber wins face-off versus Jacob Gaucher in neutral zone.
19:36 of 2nd period - Wyatte Wylie is hit by Carsen Twarynski and loses puck.
Goals for this period are 0 for Boisbriand Armada vs 4 for Worcester Sharks.
Shots for this period are 5 for Boisbriand Armada vs 18 for Worcester Sharks.

3rd period


0:01 of 3rd period - Adam Klapka wins face-off versus Taylor Ward in neutral zone.
0:04 of 3rd period - Wrist shot by Alexander Holtz.
0:04 of 3rd period - Stopped by Samuel Hlavaj with a rebound.
0:12 of 3rd period - Snap shot by Colton Dach.
0:12 of 3rd period - Stopped by Samuel Hlavaj without a rebound.
0:13 of 3rd period - Jean-Luc Foudy wins face-off versus Adam Klapka in Worcester Sharks zone.
0:42 of 3rd period - Sammy Blais beats up Travis Mitchell.
0:42 of 3rd period - Penalty to Travis Mitchell for Fighting.
0:42 of 3rd period - Penalty to Sammy Blais for Fighting.
0:43 of 3rd period - Jean-Luc Foudy wins face-off versus Adam Klapka in Boisbriand Armada zone.
0:44 of 3rd period - Snap shot by Kevin Wall.
0:44 of 3rd period - Shot Misses the Net.
0:46 of 3rd period - Snap shot by Kevin Wall.
0:46 of 3rd period - Goal by Kevin Wall - Boisbriand Armada : 0 - Worcester Sharks : 7.
0:47 of 3rd period - Ivan Ivan wins face-off versus Oliver Kapanen in neutral zone.
0:54 of 3rd period - Wrist shot by Nathan Legare.
0:54 of 3rd period - Stopped by Samuel Hlavaj with a rebound.
0:56 of 3rd period - Wrist shot by Nathan Legare.
0:56 of 3rd period - Deflect By Ivan Ivan.
0:56 of 3rd period - Stopped by Samuel Hlavaj with a rebound.
0:58 of 3rd period - Slapshot by Wyatte Wylie.
0:58 of 3rd period - Deflect By Nathan Legare.
0:58 of 3rd period - Stopped by Samuel Hlavaj with a rebound.
1:00 of 3rd period - Slapshot by Carson Lambos.
1:00 of 3rd period - Stopped by Samuel Hlavaj with a rebound.
1:02 of 3rd period - Backhand shot by Ivan Ivan.
1:02 of 3rd period - Goal by Ivan Ivan - Boisbriand Armada : 1 - Worcester Sharks : 7.
1:03 of 3rd period - Jean-Luc Foudy wins face-off versus Adam Klapka in neutral zone.
1:05 of 3rd period - Noel Hoefenmayer is hit by Yan Kuznetsov and loses puck.
1:09 of 3rd period - Lukas Cormier and Colton Dach fight to a draw.
1:09 of 3rd period - Penalty to Lukas Cormier for Fighting.
1:09 of 3rd period - Penalty to Colton Dach for Fighting.
1:10 of 3rd period - Adam Klapka wins face-off versus Jean-Luc Foudy in Boisbriand Armada zone.
1:39 of 3rd period - Wrist shot by Nathan Legare.
1:39 of 3rd period - Stopped by Samuel Hlavaj with a rebound.
1:41 of 3rd period - Slapshot by Jacob Bernard-Docker.
1:41 of 3rd period - Shot Misses the Net.
1:43 of 3rd period - Snap shot by Ivan Ivan.
1:43 of 3rd period - Shot Misses the Net.
1:45 of 3rd period - Snap shot by Jacob Bernard-Docker.
1:45 of 3rd period - Shot Blocked by Corson Ceulemans.
2:05 of 3rd period - Judd Caulfield is hit by Joshua Roy and loses puck.
2:20 of 3rd period - Corson Ceulemans is hit by Nathan Legare and loses puck.
2:59 of 3rd period - Snap shot by Riese Gaber.
2:59 of 3rd period - Shot Hit the Post.
3:01 of 3rd period - Slapshot by Carsen Twarynski.
3:01 of 3rd period - Deflect By Riley Bezeau.
3:01 of 3rd period - Stopped by Erik Portillo with a rebound.
3:03 of 3rd period - Snap shot by Riese Gaber.
3:03 of 3rd period - Goal by Riese Gaber - Boisbriand Armada : 1 - Worcester Sharks : 8.
3:03 of 3rd period - Tristan Lennox enters game.
3:04 of 3rd period - Garrett Pilon wins face-off versus Adam Klapka in neutral zone.
3:31 of 3rd period - Alexander Holtz is hit by Taylor Ward and loses puck.
3:40 of 3rd period - Snap shot by Adam Klapka.
3:40 of 3rd period - Stopped by Samuel Hlavaj with a rebound.
3:56 of 3rd period - Hendrix Lapierre is hit by Corson Ceulemans and loses puck.
4:03 of 3rd period - Carson Lambos is hit by Noel Hoefenmayer.
4:07 of 3rd period - Alexander Holtz is hit by Carsen Twarynski.
4:25 of 3rd period - Jacob Gaucher is hit by Lleyton Roed and loses puck.
6:50 of 3rd period - Jacob Bernard-Docker is hit by Corson Ceulemans and loses puck.
7:13 of 3rd period - Off-side.
7:14 of 3rd period - Hendrix Lapierre wins face-off versus Oliver Kapanen in neutral zone.
7:27 of 3rd period - Dylan Gambrell is hit by Judd Caulfield and loses puck.
7:38 of 3rd period - Ivan Ivan is hit by Jean-Luc Foudy and loses puck.
8:02 of 3rd period - Nathan Legare is hit by Lukas Cormier and loses puck.
8:25 of 3rd period - Jacob Bernard-Docker is hit by Carson Meyer and loses puck.
8:46 of 3rd period - Wrist shot by Ivan Ivan.
8:46 of 3rd period - Deflect By Sammy Blais.
8:46 of 3rd period - Stopped by Samuel Hlavaj with a rebound.
8:52 of 3rd period - Snap shot by Ivan Ivan.
8:52 of 3rd period - Stopped by Samuel Hlavaj without a rebound.
8:53 of 3rd period - Adam Klapka wins face-off versus Jean-Luc Foudy in Worcester Sharks zone.
8:56 of 3rd period - Wrist shot by Adam Klapka.
8:56 of 3rd period - Shot Misses the Net.
8:58 of 3rd period - Wrist shot by Carson Lambos.
8:58 of 3rd period - Shot Misses the Net.
9:00 of 3rd period - Snap shot by Adam Klapka.
9:00 of 3rd period - Stopped by Samuel Hlavaj with a rebound.
9:02 of 3rd period - Wrist shot by Adam Klapka.
9:02 of 3rd period - Shot Misses the Net.
9:22 of 3rd period - Travis Mitchell beats up Carson Lambos.
9:22 of 3rd period - Penalty to Travis Mitchell for Fighting.
9:22 of 3rd period - Penalty to Carson Lambos for Fighting.
9:22 of 3rd period - Penalty to Travis Mitchell for instigated a fight.
9:22 of 3rd period - Penalty to Travis Mitchell for instigated a fight.
9:23 of 3rd period - Adam Klapka wins face-off versus Oliver Kapanen in neutral zone.
9:37 of 3rd period - Snap shot by Judd Caulfield.
9:37 of 3rd period - Shot Misses the Net.
9:39 of 3rd period - Slapshot by Hardy Haman Aktell.
9:39 of 3rd period - Stopped by Tristan Lennox with a rebound.
11:22 of 3rd period - Penalty to Travis Mitchell is over, Carson Meyer is send on ice.
11:26 of 3rd period - Carson Meyer is hit by David Spacek.
11:49 of 3rd period - Riley Bezeau is hit by Jacob Bernard-Docker and loses puck.
12:23 of 3rd period - Maxence Guenette is hit by Angus Booth and loses puck.
12:50 of 3rd period - Lleyton Roed is hit by Wyatte Wylie and loses puck.
13:03 of 3rd period - Hendrix Lapierre is hit by Riese Gaber and loses puck.
14:03 of 3rd period - Lleyton Roed is hit by Matyas Sapovaliv and loses puck.
14:25 of 3rd period - Angus Booth is hit by Sammy Blais and loses puck.
15:21 of 3rd period - Icing by Riese Gaber.
15:22 of 3rd period - Riese Gaber wins face-off versus Adam Klapka in Worcester Sharks zone.
15:27 of 3rd period - Adam Klapka is hit by Corson Ceulemans and loses puck.
15:35 of 3rd period - Off-side.
15:36 of 3rd period - Ivan Ivan wins face-off versus Oliver Kapanen in neutral zone.
15:48 of 3rd period - Snap shot by Taylor Ward.
15:48 of 3rd period - Deflect By Ivan Ivan.
15:48 of 3rd period - Shot Hit the Post.
15:48 of 3rd period - Puck is out of play.
15:49 of 3rd period - Adam Klapka wins face-off versus Oliver Kapanen in Boisbriand Armada zone.
15:49 of 3rd period - Adam Klapka is hit by Corson Ceulemans.
16:42 of 3rd period - Wrist shot by Carson Meyer.
16:42 of 3rd period - Shot Misses the Net.
16:44 of 3rd period - Wrist shot by Garrett Pilon.
16:44 of 3rd period - Stopped by Tristan Lennox with a rebound.
17:06 of 3rd period - Wrist shot by Patrick Giles.
17:06 of 3rd period - Stopped by Samuel Hlavaj with a rebound.
17:20 of 3rd period - Snap shot by Sammy Blais.
17:20 of 3rd period - Stopped by Samuel Hlavaj with a rebound.
17:22 of 3rd period - Backhand shot by Ivan Ivan.
17:22 of 3rd period - Shot Blocked by Corson Ceulemans.
17:24 of 3rd period - Snap shot by David Spacek.
17:24 of 3rd period - Deflect By Ivan Ivan.
17:24 of 3rd period - Stopped by Samuel Hlavaj with a rebound.
17:26 of 3rd period - Slapshot by Maxence Guenette.
17:26 of 3rd period - Deflect By Ivan Ivan.
17:26 of 3rd period - Shot Blocked by Riley Bezeau.
17:26 of 3rd period - Puck is out of play.
17:27 of 3rd period - Adam Klapka wins face-off versus Jean-Luc Foudy in Worcester Sharks zone.
17:32 of 3rd period - Snap shot by Adam Klapka.
17:32 of 3rd period - Stopped by Samuel Hlavaj with a rebound.
17:38 of 3rd period - Snap shot by Jean-Luc Foudy.
17:38 of 3rd period - Stopped by Tristan Lennox with a rebound.
17:40 of 3rd period - Snap shot by Jean-Luc Foudy.
17:40 of 3rd period - Stopped by Tristan Lennox with a rebound.
17:42 of 3rd period - Slapshot by Lukas Cormier.
17:42 of 3rd period - Stopped by Tristan Lennox without a rebound.
17:43 of 3rd period - Nathan Legare wins face-off versus Oliver Kapanen in Boisbriand Armada zone.
18:05 of 3rd period - Minor Penalty to Nathan Legare for Slashing.
18:06 of 3rd period - Garrett Pilon wins face-off versus Adam Klapka in Boisbriand Armada zone.
18:07 of 3rd period - Wrist shot by Carson Meyer.
18:07 of 3rd period - Shot Misses the Net.
18:09 of 3rd period - Wrist shot by Garrett Pilon.
18:09 of 3rd period - Stopped by Tristan Lennox with a rebound.
18:11 of 3rd period - Slapshot by Noel Hoefenmayer.
18:11 of 3rd period - Stopped by Tristan Lennox without a rebound.
18:12 of 3rd period - Garrett Pilon wins face-off versus Adam Klapka in Boisbriand Armada zone.
18:21 of 3rd period - Snap shot by Garrett Pilon.
18:21 of 3rd period - Deflect By Carson Meyer.
18:21 of 3rd period - Stopped by Tristan Lennox with a rebound.
18:23 of 3rd period - Slapshot by Lukas Cormier.
18:23 of 3rd period - Shot Misses the Net.
18:25 of 3rd period - Snap shot by Noel Hoefenmayer.
18:25 of 3rd period - Shot Misses the Net.
18:27 of 3rd period - Slapshot by Noel Hoefenmayer.
18:27 of 3rd period - Stopped by Tristan Lennox with a rebound.
18:55 of 3rd period - Snap shot by Alexander Holtz.
18:55 of 3rd period - Shot Misses the Net.
19:10 of 3rd period - Icing by Carson Meyer.
19:11 of 3rd period - Garrett Pilon wins face-off versus Adam Klapka in Worcester Sharks zone.
19:36 of 3rd period - Wrist shot by Alexander Holtz.
19:36 of 3rd period - Shot Misses the Net.
Goals for this period are 1 for Boisbriand Armada vs 2 for Worcester Sharks.
Shots for this period are 16 for Boisbriand Armada vs 12 for Worcester Sharks.